 Dungeon Crawl Stone Soup version 0.21.1-1-g345015f (webtiles) character file.

24710 nightchill the Cleaver (level 13, -2/107 HPs)
             Began as a Formicid Abyssal Knight on Apr 2, 2018.
             Was a Believer of Lugonu.
             Slain by an anaconda (4 damage)
             ... on level 1 of the Snake Pit.
             The game lasted 01:26:18 (24239 turns).

nightchill the Cleaver (Formicid Abyssal Knight)   Turns: 24239, Time: 01:26:19

Health: -2/107     AC: 17    Str: 20    XL:     13   Next: 44%
Magic:  18/20      EV:  5    Int: 14    God:    Lugonu [**....]
Gold:   1195       SH:  3    Dex: 10    Spells: 11/12 levels left

rFire    + . .     SeeInvis +   J - +1 war axe (chop)
rCold    + . .     Gourm    .   (no shield)
rNeg     . . .     Faith    .   r - +0 plate armour
rPois    +         Spirit   .   (helmet unavailable)
rElec    .         Reflect  +   D - scarf {rC+ rF+}
rCorr    .         Harm     .   f - +1 pair of gloves
MR       +....                  (no boots)
Stlth    ..........             x - +3 amulet of reflection
HPRegen  0.27/turn              y - ring of poison resistance
MPRegen  0.17/turn              M - ring of see invisible

@: constricted
A: permanent stasis, dig shafts and tunnels, four strong arms, antennae 3
a: Dig, Shaft Self, Depart the Abyss, Bend Space, Renounce Religion


You were on level 1 of the Snake Pit.
You worshipped Lugonu.
Lugonu was pleased with you.
You were very hungry.

You visited 3 branches of the dungeon, and saw 17 of its levels.
You visited the Abyss 2 times.
You also visited: Ossuary.

You collected 1195 gold pieces.

Inventory:

Hand Weapons
 a - a +1 hand axe
 h - a +0 hunting sling
 i - a +0 flail of holy wrath
 A - the +1 hand axe of Tues {chop, Int+4 SInv}
   (You found it on level 5 of the Dungeon)

   It inflicts extra damage upon your enemies.
   It affects your intelligence (+4).
   It lets you see invisible.
 J - a +1 war axe of chopping (weapon)
Missiles
 d - 524 stones
 j - 10 tomahawks (quivered)
 o - 8 javelins
 C - 2 poisoned javelins
 K - 4 steel tomahawks
 S - 2 throwing nets
Armour
 f - a +1 pair of gloves (worn)
 r - a +0 plate armour (worn)
 D - a scarf of resistance (worn)
 U - a +1 cloak
Magical Staves
 N - an uncursed staff of cold
Jewellery
 l - a +4 ring of protection
 v - an uncursed ring of fire
 x - a +3 amulet of reflection (around neck)
 y - a ring of poison resistance (left hand)
 z - an uncursed ring of positive energy
 M - a ring of see invisible (right hand)
 P - a +6 ring of intelligence
 R - an uncursed ring of fire
 W - a +5 ring of evasion {unknown}
Wands
 b - a wand of flame (36)
 t - a wand of paralysis (6)
 E - a wand of polymorph (20)
 G - a wand of iceblast (2)
 O - a wand of random effects (28)
Scrolls
 e - a scroll of enchant armour
 g - 3 scrolls of amnesia
 m - 5 scrolls of fog
 u - 2 scrolls of magic mapping
 I - 4 scrolls of remove curse
 Q - 7 scrolls of identify
 V - a scroll of fear
Potions
 k - 9 potions of curing
 n - 6 potions of flight
 p - a potion of brilliance
 q - 2 potions of ambrosia
 B - 5 potions of mutation
 F - 2 potions of magic
 H - a potion of invisibility
Books
 s - a book of Debilitation

   Spells                             Type                      Level
   a - Corona                         Hexes                        1
   b - Slow                           Hexes                        2
   c - Inner Flame                    Hexes/Fire                   3
   d - Portal Projectile              Hexes/Translocation          3
   e - Cause Fear                     Hexes                        4
   f - Leda's Liquefaction            Hexes/Earth                  4
 T - a book of Battle

   Spells                             Type                      Level
   a - Infusion                       Charms                       1
   b - Shroud of Golubria             Charms/Translocation         2
   c - Song of Slaying                Charms                       2
   d - Spectral Weapon                Hexes/Charms                 3
   e - Regeneration                   Charms/Necromancy            3
Comestibles
 c - 41 rations


   Skills:
 + Level 11.7 Fighting
 + Level 12.4 Axes
 + Level 10.2 Armour
 - Level 6.0 Dodging
 + Level 5.2 Necromancy
 - Level 10.0 Invocations


You had 11 spell levels left.
You knew the following spells:

 Your Spells              Type           Power        Failure   Level  Hunger
a - Animate Skeleton      Necr           N/A          50%         1    ##.....


Dungeon Overview and Level Annotations

Branches:
Dungeon (11/15)            Temple (0/1) D:4            Lair (5/6) D:8
 Shoals (0/4) Lair:4        Snake (1/4) Lair:2        Slime (0/5) Lair:5
    Orc (0/2) D:11

Altars:
Ashenzari
Cheibriados
Dithmenos
Fedhas
Gozag
Hepliaklqana
Makhleb
Sif Muna
Trog
Vehumet
Xom

Annotations:
D:3 exclusion: 2 downstairs
D:6 Melicamp's ghost, novice BaWn
D:7 exclusions: downstairs and upstairs
D:8 gerrrit's ghost, novice HOFi
D:9 gatronok, Gastronok
Lair:2 exclusion: oklob plant
Lair:4 corrupted
Abyss:1 Psyche; Sonja


Innate Abilities, Weirdness & Mutations

You cannot be hasted, slowed, berserked, paralysed or teleported.
You can dig through walls and to a lower floor.
Your four strong arms can wield two-handed weapons with a shield.
You have a pair of large antennae on your head. (SInv)


Message History

The anaconda bites you but does no damage.
The anaconda constricts you. Space bends sharply around you!
The anaconda blinks!
The anaconda loses its grip on you.
You blink.
The anaconda grabs you. The anaconda bites you.
* * * LOW HITPOINT WARNING * * *
The anaconda constricts you.
You don't have enough health at the moment.
Evoke which item? (* to show all) (? for menu, Esc to quit)
Aiming: Paralyse
Press: ? - help, Shift-Dir - straight line, f - anaconda
Aim: an anaconda (heavily wounded, constricting you, chance to defeat MR: 28%)
The anaconda easily resists.
You block the anaconda's attack. The anaconda constricts you.
Evoke which item? (* to show all) (? for menu, Esc to quit)
Aiming: Paralyse
Press: ? - help, Shift-Dir - straight line, f/p - anaconda
Aim: an anaconda (heavily wounded, constricting you, chance to defeat MR: 28%)
The anaconda easily resists.
The anaconda bites you.
You die...

#.......###..... .#
###....## ##...# #
#.#....######..#
###.............# #
#.#.#.>....#....#####..
#..#....### ##..#....#
###....## ##....#
##...# #.S.## #.#.###
##@...#
#.#...####).##..#
#.#..#.....## .#
#...#####...# ####.###
#...# #.##.# ####.#
##..## ## ####.# #....#


You could see an anaconda.

Vanquished Creatures
  Harold (Lair:4)
  A two-headed ogre (D:7)
  An unseen horror (D:11)
  A mana viper (Snake:1)
  A black mamba (Lair:2)
  A naga mage (Snake:1)
  4 spiny frogs
  A komodo dragon (Lair:3)
  2 rime drakes
  2 polar bears (Lair:5)
  A hornet (D:11)
  7 hippogriffs
  10 dream sheep (Lair:5)
  A spriggan (D:7)
  A wyvern (Lair:2)
  26 yaks
  A hungry ghost (D:6)
  3 hogs (Lair:5)
  The ghost of Totori the Poker, an amateur MfFi of Okawaru (D:3)
  Edmund (D:4)
  6 nagas
  4 water moccasins
  An acid dragon (D:11)
  6 porcupines
  2 orc warriors
  2 black bears (D:9)
  A necrophage (D:9)
  7 sky beasts
  4 ogres
  An eye of draining (D:8)
  4 wolves (Lair:3)
  A centaur (D:8)
  5 crocodiles
  15 bullfrogs
  A big kobold (D:9)
  A gnoll sergeant (D:8)
  A water moccasin zombie (Ossuary)
  3 scorpions
  15 killer bees
  3 wights (D:6)
  6 howler monkeys
  7 crimson imps
  A centaur zombie (D:5)
  A bullfrog zombie (D:7)
  A quasit (D:10)
  9 orc priests
  14 orc wizards
  7 hounds
  4 jellies
  Jessica (D:7)
  3 iguanas
  6 worker ants
  A big kobold zombie (Ossuary)
  A hound zombie (D:9)
  2 mummies (Ossuary)
  2 worker ant zombies (D:6)
  15 gnolls
  6 adders
  A howler monkey skeleton (D:5)
  2 shadow imps
  2 adder skeletons
  8 adder zombies
  A worm (D:3)
  3 dart slugs
  7 leopard geckos
  27 orcs
  8 giant cockroaches
  3 gnoll zombies (Ossuary)
  7 goblins
  5 hobgoblins
  6 jackals (D:1)
  A quokka (D:3)
  11 bats
  2 frilled lizards
  3 hobgoblin zombies (Ossuary)
  16 kobolds
  6 kobold zombies (Ossuary)
  3 orc zombies (Ossuary)
  A quokka zombie (D:5)
  9 rats
  A fungus (Lair:2)
  2 plants (Lair:2)
372 creatures vanquished.

Vanquished Creatures (others)
  Kirke (Lair:5)
  Josephine (Lair:4)
  A hydra (D:8)
  2 two-headed ogres
  A rime drake (Lair:3)
  2 humans (Lair:5)
  A dream sheep (Lair:5)
  3 wraiths (Lair:4)
  A wyvern (Lair:4)
  An iguana (D:7)
  7 fungi
  11 plants
  2 starspawn tentacles (Lair:4)
34 creatures vanquished.

Grand Total: 406 creatures vanquished

Notes
Turn   | Place    | Note
-------+----------+-------------------------------------------
     0 | Abyss:1  | nightchill the Formicid Abyssal Knight began the quest for the Orb.
     0 | Abyss:1  | Reached XP level 1. HP: 18/18 MP: 2/2
    35 | Abyss:1  | Noticed a raiju
    36 | D:1      | Escaped the Abyss
   216 | D:1      | Reached XP level 2. HP: 25/25 MP: 3/3
   283 | D:1      | Reached XP level 3. HP: 29/30 MP: 4/4
   291 | D:1      | Reached * piety under Lugonu
   846 | D:1      | Reached skill level 3 in Axes
  1029 | D:2      | Reached XP level 4. HP: 37/37 MP: 5/5
  1751 | D:3      | Noticed Totori's ghost (amateur MfFi)
  1989 | D:3      | Killed Totori's ghost
  1989 | D:3      | Reached skill level 5 in Fighting
  1989 | D:3      | Reached skill level 4 in Axes
  1989 | D:3      | Reached XP level 5. HP: 25/44 MP: 6/6
  1989 | D:3      | Reached XP level 6. HP: 29/51 MP: 7/7
  2318 | D:3      | Reached ** piety under Lugonu
  2729 | D:3      | Found a shattered altar of Ashenzari.
  2785 | D:4      | Found a shimmering altar of Xom.
  2877 | D:4      | Found a shadowy altar of Dithmenos.
  2892 | D:3      | Reached skill level 5 in Axes
  3134 | D:4      | Noticed Edmund
  3545 | D:4      | Reached XP level 7. HP: 37/56 MP: 9/9
  3668 | D:4      | Killed Edmund
  3829 | D:4      | Reached skill level 6 in Axes
  4157 | D:4      | Found a snail-covered altar of Cheibriados.
  4276 | D:4      | Found an opulent altar of Gozag.
  4419 | D:4      | Reached XP level 8. HP: 64/64 MP: 11/11
  4756 | D:4      | Found a burning altar of Makhleb.
  4763 | D:4      | Found a hazy altar of Hepliaklqana.
  5008 | D:4      | Found a staircase to the Ecumenical Temple.
  5109 | D:5      | Entered Level 5 of the Dungeon
  6258 | D:5      | Got a smoking hand axe
  6277 | D:5      | Identified the +1 hand axe of Tues {chop, Int+4 SInv} (You found it on level 5 of the Dungeon)
  6463 | D:5      | Reached skill level 7 in Axes
  6485 | D:5      | Reached *** piety under Lugonu
  6642 | D:5      | Reached skill level 5 in Invocations
  6882 | D:6      | Found a sand-covered staircase.
  6892 | Ossuary  | Entered an ossuary
  7400 | D:6      | Reached XP level 9. HP: 47/71 MP: 11/13
  7555 | D:6      | Found a radiant altar of Vehumet.
  7583 | D:6      | Reached skill level 8 in Axes
  7937 | D:6      | Reached **** piety under Lugonu
  8298 | D:6      | Noticed Melicamp's ghost (novice BaWn)
  8939 | D:7      | Noticed a two-headed ogre
  8984 | D:8      | Reached skill level 9 in Axes
  9316 | D:8      | Reached XP level 10. HP: 57/80 MP: 15/15
  9420 | D:8      | Found a staircase to the Lair.
  9420 | D:8      | Noticed gerrrit's ghost (novice HOFi)
  9451 | D:7      | Reached skill level 5 in Armour
  9460 | D:7      | Killed a two-headed ogre
  9683 | D:7      | Found a blossoming altar of Fedhas.
  9996 | D:7      | Reached skill level 10 in Axes
 10436 | D:7      | Noticed Jessica
 10457 | D:7      | Found a deep blue altar of Sif Muna.
 10465 | D:7      | Killed Jessica
 11851 | D:9      | Found a bloodstained altar of Trog.
 11907 | D:9      | Reached skill level 1 in Dodging
 11936 | D:9      | Noticed a two-headed ogre
 11937 | D:9      | Banished a two-headed ogre
 12019 | D:9      | Noticed a two-headed ogre
 12030 | D:9      | Banished a two-headed ogre
 12030 | D:9      | Reached XP level 11. HP: 18/89 MP: 17/17
 12542 | D:9      | Noticed Psyche
 12571 | D:9      | Banished Psyche
 13246 | D:9      | Noticed Gastronok
 13322 | Lair:1   | Entered Level 1 of the Lair of Beasts
 13322 | Lair:1   | Noticed a four-headed hydra
 13338 | D:8      | Banished a four-headed hydra
 14640 | Lair:1   | Reached skill level 11 in Axes
 15455 | Lair:2   | Found a staircase to the Snake Pit.
 15617 | Lair:2   | Reached skill level 10 in Fighting
 15990 | Lair:2   | Reached XP level 12. HP: 96/97 MP: 19/19
 16128 | Lair:2   | Noticed a death yak
 16128 | Lair:2   | Noticed a death yak
 16576 | Lair:3   | Reached skill level 10 in Invocations
 16742 | Lair:3   | Learned a level 1 spell: Animate Skeleton
 17269 | Lair:3   | Reached skill level 1 in Necromancy
 17275 | Lair:3   | Reached skill level 5 in Dodging
 17930 | Lair:4   | Found a staircase to the Shoals.
 17970 | Lair:4   | Noticed Josephine
 17984 | Lair:4   | Corrupted Lair:4
 17984 | Lair:4   | Noticed a starcursed mass
 17984 | Lair:4   | Noticed a starcursed mass
 17984 | Lair:4   | Noticed a tentacled starspawn
 17984 | Lair:4   | Noticed an Executioner
 17984 | Lair:4   | Noticed a tentacled starspawn
 17988 | Lair:4   | Killed Josephine
 18333 | Lair:4   | Noticed Harold
 18352 | Lair:4   | Killed Harold
 18614 | Lair:4   | Noticed Sonja
 18647 | Lair:4   | Banished Sonja
 19267 | Lair:5   | Noticed Kirke
 19282 | Lair:5   | Noticed a sphinx
 19294 | Lair:5   | Killed Kirke
 19635 | Lair:5   | Found a staircase to the Slime Pits.
 20161 | Lair:5   | Reached XP level 13. HP: 38/106 MP: 20/20
 21026 | D:10     | Entered Level 10 of the Dungeon
 21127 | D:10     | Reached skill level 12 in Axes
 22043 | D:10     | HP: 5/106 [two-headed ogre/giant club (11)]
 22806 | D:11     | Reached ***** piety under Lugonu
 23007 | D:11     | Found a staircase to the Orcish Mines.
 23017 | D:11     | Reached skill level 10 in Armour
 23290 | D:11     | Reached skill level 5 in Necromancy
 23590 | D:9      | Escaped the Abyss
 23991 | Snake:1  | Entered Level 1 of the Snake Pit
 24210 | Snake:1  | Noticed an anaconda
 24237 | Snake:1  | HP: 1/107 [anaconda (4)]
 24239 | Snake:1  | Slain by an anaconda

Skill      XL: |  1  2  3  4  5  6  7  8  9 10 11 12 13 |
---------------+----------------------------------------+-----
Fighting       | 4 5 6 7 9 10 11 | 11.7
Axes           | 3 4 5 6 7 9 10 11 12 | 12.4
Invocations    | 3 4 5 6 8 9 10 | 10.0
Armour         | 3 4 6 8 9 10 | 10.2
Dodging        | 2 4 5 6 |  6.0
Necromancy     | 3 5 |  5.2

Action                   |  1- 3 |  4- 6 |  7- 9 | 10-12 | 13-15 || total
-------------------------+-------+-------+-------+-------+-------++-------
Melee: Hand axe          |    96 |   219 |   419 |       |       ||   734
       War axe           |       |       |   184 |   769 |   331 ||  1284
       Flail             |       |       |       |     6 |       ||     6
Throw: Tomahawk          |       |       |     5 |     5 |       ||    10
       Stone             |       |       |       |     7 |       ||     7
Invok: Depart the Abyss  |     1 |       |       |       |     1 ||     2
       Bend Space        |       |       |     4 |    22 |     4 ||    30
       Banish            |       |       |     1 |     6 |     2 ||     9
       Corrupt           |       |       |       |     1 |       ||     1
       Enter the Abyss   |       |       |       |       |     1 ||     1
 Abil: Dig               |     8 |     1 |    10 |    15 |     5 ||    39
       Shaft Self        |       |       |       |       |     1 ||     1
Evoke: Wand              |       |       |       |       |     2 ||     2
  Use: Scroll            |     2 |     2 |    13 |     9 |     2 ||    28
       Potion            |       |     4 |     1 |     5 |     3 ||    13
  Eat: Chunk             |     1 |     8 |    18 |    18 |    12 ||    57
       Ration            |       |       |     2 |     6 |     1 ||     9
Armor: Ring mail         |    27 |       |       |       |       ||    27
       Leather armour    |     1 |       |       |       |       ||     1
       Plate armour      |    18 |   155 |   304 |   467 |   208 ||  1152
       Skin              |       |    23 |       |    76 |       ||    99
Dodge: Dodged            |    59 |    65 |   127 |   256 |   126 ||   633
Block: Other             |       |       |       |       |     5 ||     5
